 Dungeon Crawl Stone Soup version 0.28-a0-1312-g71652a0310 (webtiles) character file.

Game seed: 9631757526953910840

149 bande the Covered (level 5, -3/33 HPs)
             Began as a Gargoyle Fighter on Dec 28, 2021.
             Slain by Sigmund (6 damage)
             ... on level 3 of the Dungeon.
             The game lasted 00:02:53 (2438 turns).

bande the Covered (Gargoyle Fighter)                Turns: 2438, Time: 00:02:53

Health: -3/33      AC: 14    Str: 19    XL:     5   Next: 31%
Magic:  5/5        EV:  7    Int:  9    God:
Gold:   52         SH:  0    Dex: 11    Spells: 4/4 levels left

rFire   . . .      SeeInvis .   a - +0 war axe
rCold   + . .      Faith    .   c - +0 buckler
rNeg    + . .      Spirit   .   k - +0 chain mail
rPois   ∞          Reflect  .   i - +0 helmet
rElec   +          Harm     .   (no cloak)
rCorr   .          Rampage  .   (no gloves)
Will    .....                   (no boots)
Stlth   ..........              (no amulet)
HPRegen 0.11/turn               e - ring of protection from cold
MPRegen 0.09/turn               (no ring)

@: confused, mighty
A: sickness immunity, AC +4, negative energy resistance 1, electricity
resistance, torment resistance 1, petrification resistance
a: no special abilities


You were on level 3 of the Dungeon.
You visited 1 branch of the dungeon, and saw 3 of its levels.

You collected 52 gold pieces.

Inventory:

Hand Weapons
 a - a +0 war axe (weapon)
 j - a +0 flail
Armour
 c - a +0 buckler (worn)
 i - a +0 helmet (worn)
 k - a +0 chain mail (worn)
Jewellery
 e - a ring of protection from cold (left hand)
Scrolls
 b - a scroll of noise {unknown}
 f - 2 scrolls of teleportation
 g - 2 scrolls of identify
 h - a scroll of blinking
 l - a scroll of fear {unknown}


   Skills:
 + Level 4.0 Fighting
 + Level 3.3 Axes
 + Level 4.2 Armour
 + Level 4.0 Shields


You had 4 spell levels left.
You didn't know any spells.
Your spell library contained the following spells:

 Spells                   Type           Power      Damage    Failure   Level
 Passwall                 Tmut/Erth      0%         N/A       100%        2
 Swiftness                Air            0%         N/A       100%        3
 Cause Fear               Hex            0%         N/A       100%        4
 Dragon Form              Tmut           0%         N/A       100%        7
 Dragon's Call            Summ           0%         N/A       100%        9


Dungeon Overview and Level Annotations

Branches:
Dungeon (3/15)

Altars:

Annotations:
D:3 Sigmund


Innate Abilities, Weirdness & Mutations

You are immune to sickness and miasma.
Your stone body is resilient. (AC +4)
You are immune to poison.
You resist negative energy. (rN+)
You are resistant to electric shocks. (rElec)
You are resistant to unholy torment.
You are immune to petrification.


Message History

You barely miss Sigmund.
Sigmund is moderately wounded.
You slash Sigmund!
Sigmund is severely wounded.
You block Sigmund's attack.
You barely miss Sigmund.
Sigmund is severely wounded.
Sigmund casts a spell at you.
The magic dart hits you but does no damage.
Sigmund points at you and mumbles some strange words.
You are confused.
Sigmund hits you but does no damage.
There is an open door here.
You slash Sigmund!
Sigmund is almost dead.
Sigmund hits you but does no damage.
You bump into the rock wall.
Sigmund hits you but does no damage.
You're too confused to move!
You feel less confused.
You closely miss Sigmund.
Sigmund is almost dead.
Sigmund closely misses you.
You closely miss Sigmund.
Sigmund is almost dead.
Sigmund mumbles some strange words.
Sigmund flickers and vanishes!
Deactivating autopickup; reactivate with Ctrl-A.
Something hits you.
Your chain mail prevents you from hitting something.
Something hits you.
You feel very mighty all of a sudden.
You barely miss something. Something hits you but does no damage.
You barely miss something. Something hits you.
You miss something. Something hits you!
* * * LOW HITPOINT WARNING * * *
You closely miss something.
You hear some strange, mumbled words.
You are confused.
You bump into the rock wall.
Something hits you.
You die...

#.##(########
#.#.......... ...
#.#..######## ##.##
#.#..#### #...#
........###### ...
.............# ...
.##..##.####.# #.#
.##..##.## #.# #{#
.##......# #.# #@#
.###.##..# #.###'##
.###.##..# #.##..<##
.........###.#.....##
####................##
##.<.>###.........#.
...........'.........'..
###.#...####.........#.#
#.##.## ##.......##..


There were no monsters in sight!

Vanquished Creatures
  A necrophage (D:3)
  Terence (D:2)
  A worm (D:2)
  3 dart slugs
  4 ball pythons
  3 endoplasms (D:1)
  2 goblins
  A hobgoblin (D:2)
  4 jackals (D:1)
  4 quokkas
  A frilled lizard (D:1)
  A kobold (D:1)
  2 rats
28 creatures vanquished.

Notes
Turn   | Place    | Note
-------+----------+-------------------------------------------
     0 | D:1      | bande the Gargoyle Fighter began the quest for the Orb.
     0 | D:1      | Reached XP level 1. HP: 14/14 MP: 1/1
   415 | D:1      | Reached XP level 2. HP: 17/19 MP: 2/2
  1163 | D:1      | Reached XP level 3. HP: 24/24 MP: 3/3
  1344 | D:2      | Noticed Terence
  1350 | D:2      | Killed Terence
  1962 | D:2      | Reached XP level 4. HP: 29/29 MP: 4/4
  2348 | D:3      | Noticed a necrophage
  2359 | D:3      | Killed a necrophage
  2360 | D:3      | Reached XP level 5. HP: 29/33 MP: 5/5
  2406 | D:3      | Noticed Sigmund
  2438 | D:3      | Slain by Sigmund

Illustrated notes

Levels and vault maps discovered:
D:1:      ncdulo_halloftheorcs, layout_basic
D:2:      layout_basic, uniq_terence
D:3:      layout_loops_corners, uniq_jessica, uniq_natasha, uniq_sigmund

Skill      XL: |  1  2  3  4 |
---------------+-------------+-----
Axes           | 2 3 |  3.3
Armour         | 4 |  4.2
Fighting       | 4 |  4.0
Shields        | 4 |  4.0

Action                   |  1- 3 |  4- 6 || total
-------------------------+-------+-------++-------
Melee: War axe           |    83 |    39 ||   122
  Use: Scroll            |     6 |       ||     6
       Potion            |       |     1 ||     1
Armor: Scale mail        |    53 |       ||    53
       Chain mail        |     1 |    27 ||    28
Dodge: Dodged            |    42 |     9 ||    51
Block: Buckler           |    16 |     2 ||    18

Table legend: (Time is in decaauts)
 A = Elapsed time spent in this place.
 B = Non-inter-level travel time spent in this place.
 C = Inter-level travel time spent in this place.
 D = Time resting spent in this place.
 E = Time spent auto-exploring this place.
 F = Levels seen in this place.
 G = Mean time per level.
                   A        B        C        D        E       F      G
               +--------+--------+--------+--------+--------+-----+--------+
         Total |   2486 |   2486 |      0 |      0 |   2025 |   3 |  828.7 |
       Dungeon |   2486 |   2486 |      0 |      0 |   2025 |   3 |  828.7 |
               +--------+--------+--------+--------+--------+-----+--------+

Top non-repeatable levels by time:
     D:1: 1336 daAuts
     D:2: 981 daAuts
     D:3: 168 daAuts
